 Dungeon Crawl Stone Soup version 0.30-a0-140-gd1020e658a (webtiles) character file.

Game seed: 6090771174345375063

1285 zxpr0jk the Chiller (level 8, 0/57 HPs)
             Began as a Yellow Draconian Ice Elementalist on Sept 24, 2022.
             Slain by a killer bee (6 damage)
             ... on level 6 of the Dungeon.
             The game lasted 00:17:04 (6282 turns).

zxpr0jk the Chiller (DrIE)                          Turns: 6282, Time: 00:17:04

Health: 0/57       AC: 17    Str: 11    XL:     8   Next: 29%
Magic:  10/23      EV: 13    Int: 15    God:
Gold:   313        SH:  0    Dex: 14    Spells: 8/15 levels left

rFire   + . .      SeeInvis .    a - +0 dagger (elec)
rCold   + . .      Faith    .    y - +0 buckler
rNeg    . . .      Spirit   .    (body armour unavailable)
rPois   +          Reflect  .    (helmet restricted)
rElec   +          Harm     .    (no cloak)
rCorr   +          Rampage  .    m - +0 pair of gloves
Will    .....                    (no boots)
Stlth   +.........               (no amulet)
HPRegen 0.19/turn                t - +4 ring of protection
MPRegen 0.18/turn                o - ring of magical power

@: confused, mighty, ice-armoured, short of breath, resistant, ambrosia-drunk,
flying
A: spit acid, AC +6, unfitting armour, cold-blooded, acid resistance
a: Breathe Acid


You were on level 6 of the Dungeon.
You visited 1 branch of the dungeon, and saw 6 of its levels.

You collected 313 gold pieces.

Inventory:

Hand Weapons
 a - a +0 dagger of electrocution (weapon)
 w - a +0 vorpal spear
 z - a +1 scythe of flaming
Missiles
 d - 28 stones (quivered)
Armour
 m - a +0 pair of gloves (worn)
 y - a +0 buckler (worn)
Magical Staves
 j - a staff of conjuration
Jewellery
 o - a ring of magical power (right hand)
 r - a ring of see invisible
 t - a +4 ring of protection (left hand)
Wands
 p - a wand of charming (4)
Scrolls
 b - 2 scrolls of teleportation
 c - a scroll of brand weapon {unknown}
 e - 3 scrolls of silence {unknown}
 f - 3 scrolls of identify {unknown}
 h - 2 scrolls of fear {unknown}
 n - a scroll of fog {unknown}
 u - a scroll of noise {unknown}
 v - a scroll of immolation {unknown}
Potions
 i - a potion of ambrosia
 k - a potion of haste {unknown}
 l - 2 potions of lignification {unknown}
 x - a potion of flight


   Skills:
 + Level 4.0 Dodging
 - Level 1.7 Stealth
 * Level 5.5 Shields
 - Level 4.2 Spellcasting
 - Level 7.2 Ice Magic


You had 8 spell levels left.
You knew the following spells:

 Your Spells              Type           Power      Damage    Failure   Level
a - Freeze                Ice            96%        1d11      1%          1
b - Ozocubu's Armour      Ice            24%        N/A       3%          3
c - Frozen Ramparts       Ice            48%        1d8       3%          3

Your spell library contained the following spells:

 Spells                   Type           Power      Damage    Failure   Level
 Hailstorm                Conj/Ice       13%        3d5       45%         4
 Arcjolt                  Conj/Air       1%         1d11      99%         5
 Iskenderun's Battlesphe  Conj           3%         2d6       99%         5
 Iron Shot                Conj/Erth      1%         9d1       100%        6
 Spellforged Servitor     Conj/Summ      1%         N/A       100%        7


Dungeon Overview and Level Annotations

Branches:
Dungeon (6/15)
 Temple: D:4-7

Altars:
Elyvilon
Wu Jian

Annotations:
D:1 exclusion: gnoll
D:3 3 runed translucent doors, IdlyInterested's ghost, amateur DsWn
D:6 Edmund


Innate Abilities, Weirdness & Mutations

You can spit globs of acid.
Your golden yellow scales are hard. (AC +6)
You cannot fit into any form of body armour.
You are cold-blooded and may be slowed by cold attacks.
You are resistant to acid. (rCorr)


Message History

The killer bee barely misses you.
Casting: Freeze (safe; 1% risk of failure)
Confirm with . or Enter, or press ? or * to list all spells.
Aiming: Freeze (safe; 1% risk of failure)
Press: ? - help, Shift-Dir - straight line, f/p - killer bee
Aim: a killer bee (severely wounded)
You freeze the killer bee.
The killer bee is almost dead.
You feel sick. The killer bee closely misses you.
The killer bee barely misses you.
Unknown command.
Press: ? - help, Shift-Dir - straight line, f/p - killer bee
Aim: a killer bee (almost dead, 34% to hit)
You spit a glob of acid.
The glob of acid misses the killer bee.
You feel sick.
The killer bee stings you but does no damage.
You block the killer bee's attack.
Unknown command.
Casting: Freeze (safe; 1% risk of failure)
Confirm with . or Enter, or press ? or * to list all spells.
Aiming: Freeze (safe; 1% risk of failure)
Press: ? - help, Shift-Dir - straight line, f/p - killer bee
Aim: a killer bee (almost dead)
You freeze the killer bee.
You kill the killer bee!
You feel sick.
Your Dodging skill increases to level 4!
Unknown command.
It was a potion of flight.
You feel very buoyant.
You fly up into the air.
You feel sick.
It was a potion of might.
You feel very mighty all of a sudden.
You feel sick.
The killer bee stings you but does no damage. x2
It was a potion of ambrosia.
You are confused.
You feel invigorated.
You feel sick.
You are no longer poisoned.
The killer bee barely misses you. The killer bee stings you.
You die...

..... .....
#.y.y. ##.#.
#..y.. ### # ##
#...y. ... #
#..... ##.### #
#..$..##.....##
.
#.y.y.#.......#
..
#...#@†.....#
.. #.y..._....
.. #..#.......#
. #..#.......#
#$.##.....##
#.. ##.### #..
.?. #.# #... ?.
..


You could see a killer bee.

Vanquished Creatures
  Sigmund (D:5)
  A steam dragon (D:6)
  An ogre (D:3)
  A phantom (D:5)
  2 scorpions
  4 killer bees (D:6)
  4 orc priests
  A hound (D:4)
  2 iguanas
  Terence (D:2)
  Jessica (D:2)
  3 orc wizards
  4 gnolls (D:4)
  3 adders
  3 ufetubi (D:5)
  2 worms
  3 dart slugs
  16 orcs
  7 ball pythons
  16 endoplasms
  5 giant cockroaches
  8 hobgoblins
  3 quokkas
  5 bats
  3 frilled lizards (D:1)
  7 goblins
  4 kobolds
  5 rats
116 creatures vanquished.

Vanquished Creatures (others)
  15 plants (D:3)
15 creatures vanquished.

Grand Total: 131 creatures vanquished

Notes
Turn   | Place    | Note
-------+----------+-------------------------------------------
     0 | D:1      | zxpr0jk the Draconian Ice Elementalist began the quest for
                  | the Orb.
     0 | D:1      | Reached XP level 1. HP: 14/14 MP: 3/3
   479 | D:1      | Reached XP level 2. HP: 20/20 MP: 5/5
  1143 | D:2      | Noticed Jessica
  1149 | D:2      | Killed Jessica
  1150 | D:2      | Reached XP level 3. HP: 21/26 MP: 3/6
  1260 | D:2      | Reached skill level 5 in Ice Magic
  1260 | D:2      | Reached XP level 4. HP: 20/33 MP: 3/8
  1541 | D:2      | Learned a level 3 spell: Ozocubu's Armour
  1545 | D:2      | Learned a level 3 spell: Frozen Ramparts
  2263 | D:2      | Identified the +3 ring mail of the Butcher {Str+6 Int+3
                  | Slay+2}
  2291 | D:2      | Found a faded altar of an unknown god.
  2299 | D:2      | Noticed Terence
  2313 | D:2      | Killed Terence
  2314 | D:2      | Reached XP level 5. HP: 12/38 MP: 0/9
  2992 | D:3      | Found a runed translucent gate.
  2992 | D:3      | Found a runed translucent gate.
  2992 | D:3      | Found a runed translucent gate.
  2992 | D:3      | Noticed IdlyInterested's ghost (amateur DsWn)
  3285 | D:3      | Found a white marble altar of Elyvilon.
  3462 | D:3      | Noticed an ogre
  3471 | D:3      | Killed an ogre
  3472 | D:3      | Reached skill level 6 in Ice Magic
  4311 | D:4      | Reached XP level 6. HP: 33/45 MP: 8/11
  5031 | D:4      | Reached skill level 7 in Ice Magic
  5316 | D:4      | Reached skill level 1 in Shields
  5316 | D:4      | Your scales start taking on a golden yellow colour.
  5316 | D:4      | Reached XP level 7. HP: 46/50 MP: 13/13
  5316 | D:4      | Gained mutation: You are resistant to acid. (rCorr) [Yellow
                  | Draconian growth]
  5613 | D:5      | Entered Level 5 of the Dungeon
  6156 | D:5      | Noticed Sigmund
  6167 | D:5      | Killed Sigmund
  6216 | D:6      | Noticed a steam dragon
  6223 | D:6      | Killed a steam dragon
  6224 | D:6      | Reached XP level 8. HP: 43/57 MP: 14/14
  6237 | D:6      | Noticed Edmund
  6245 | D:6      | Found an ornate altar of the Wu Jian Council.
  6254 | D:6      | Reached skill level 5 in Shields
  6282 | D:6      | Slain by a killer bee

Illustrated notes

Levels and vault maps discovered:
D:1:      amcnicky_arrival_feature_with_door, layout_loops_corners
D:2:      cheibrodos_pilgrimage, layout_basic, basic_ecumenical_altar,
          kennysheep_cross_room, uniq_terence, uniq_jessica
D:3:      layout_loops_ring, nicolae_elyvilon_temple_path,
          ebering_ghost_rock_garden
D:4:      layout_rooms, serial_glass, glass_columns_b, glass_columns_a,
          due_unseen_surprise, grunt_ministairs_5, kennysheep_generic_room_8
D:5:      layout_basic, uniq_sigmund
D:6:      layout_rooms, old_standard_altar, portal_sewer_entry_d, serial_glass,
          glass_columns_c, glass_columns_b, minmay_lizard_king, uniq_edmund,
          uniq_maggie

Skill      XL: |  1  2  3  4  5  6  7  8 |
---------------+-------------------------+-----
Ice Magic      | 5 6 7 |  7.2
Spellcasting   | 3 4 |  4.2
Dodging        | 2 3 4 |  4.0
Shields        | 1 4 5 |  5.5
Stealth        | |  1.7

Action                   |  1- 3 |  4- 6 |  7- 9 || total
-------------------------+-------+-------+-------++-------
Melee: Dagger            |    11 |    25 |    49 ||    85
       Tailslap          |     3 |    17 |    13 ||    33
       Unarmed           |     1 |       |       ||     1
       Short sword       |    40 |     1 |       ||    41
       Trident           |       |   138 |       ||   138
       Spear             |       |    10 |    38 ||    48
Throw: Stone             |     3 |     7 |       ||    10
 Cast: Freeze            |    15 |    38 |    14 ||    67
       Frozen Ramparts   |       |     7 |     3 ||    10
       Ozocubu's Armour  |       |     5 |     5 ||    10
 Abil: Breathe Acid      |       |       |     3 ||     3
  Use: Potion            |       |     1 |     5 ||     6
       Scroll            |       |       |     1 ||     1
 Stab: Sleeping          |     5 |    16 |     1 ||    22
Armor: Skin              |    29 |    55 |    58 ||   142
Dodge: Dodged            |    40 |   103 |    57 ||   200
Block: Buckler           |       |     1 |    22 ||    23

Table legend: (Time is in decaauts)
 A = Elapsed time spent in this place.
 B = Non-inter-level travel time spent in this place.
 C = Inter-level travel time spent in this place.
 D = Time resting spent in this place.
 E = Time spent auto-exploring this place.
 F = Levels seen in this place.
 G = Mean time per level.
                   A        B        C        D        E       F      G
               +--------+--------+--------+--------+--------+-----+--------+
         Total |   6334 |   6181 |    153 |    357 |   4799 |   6 | 1055.7 |
       Dungeon |   6334 |   6181 |    153 |    357 |   4799 |   6 | 1055.7 |
               +--------+--------+--------+--------+--------+-----+--------+

Top non-repeatable levels by time:
     D:2: 1836 daAuts
     D:4: 1438 daAuts
     D:3: 1249 daAuts
     D:1: 1136 daAuts
     D:5: 605 daAuts
     D:6: 67 daAuts
